 Dungeon Crawl Stone Soup version 0.21-a0-538-gd16b88a (webtiles) character file.

23093 trollhammer the Grappler (level 12, -12/122 HPs)
             Began as a Troll Monk on Dec 16, 2017.
             Was a High Priest of Okawaru.
             Killed from afar by a guardian serpent (21 damage)
             ... with a bolt of poison
             ... on level 4 of the Lair of Beasts.
             The game lasted 00:21:10 (14503 turns).

trollhammer the Grappler (Troll Monk)              Turns: 14503, Time: 00:21:11

Health: -12/122    AC: 12    Str: 32    XL:     12   Next: 68%
Magic:  24/24      EV: 13    Int:  6    God:    Okawaru [*****.]
Gold:   638        SH: 23    Dex: 12    Spells: 11/11 levels left

rFire    . . .     SeeInvis .     - Unarmed
rCold    . . .     Gourm    +   o - +0 large shield
rNeg     . . .     Faith    .   F - +0 acid dragon scales
rPois    .         Spirit   .   (helmet restricted)
rElec    .         Reflect  .   v - +1 cloak
rCorr    +         Harm     .   (gloves unavailable)
MR       .....                  (boots unavailable)
Stlth    +++.......             J - amulet of rage
HPRegen  0.70/turn              P - ring of magical power
MPRegen  0.19/turn              G - +6 ring of strength

@: lethally poisoned (-12 -> -29), heroism, hasted, very quick
A: large, unfitting armour, claws 3, fast metabolism 3, gourmand, regeneration
1, shaggy fur 1, tough skin 2
a: Heroism, Finesse, Renounce Religion, Evoke Berserk Rage


You were on level 4 of the Lair of Beasts.
You worshipped Okawaru.
Okawaru was extremely pleased with you.
You were very full.

You visited 3 branches of the dungeon, and saw 16 of its levels.
You also visited: Ossuary.

You collected 638 gold pieces.

Inventory:

Hand Weapons
 B - the +4 hand crossbow "Etah" {elec, rN+ MR+, unknown}
   (Okawaru gifted it to you on level 3 of the Lair of Beasts)

   It charges the ammunition it shoots with electricity; occasionally upon a
   hit, such missiles may discharge and cause terrible harm.
   It protects you from negative energy.
   It affects your resistance to hostile enchantments.
Missiles
 d - 58 poisoned needles
Armour
 o - a +0 large shield (worn)
 v - a +1 cloak (worn)
 F - +0 acid dragon scales (worn)
Jewellery
 h - an uncursed ring of wizardry
 G - a +6 ring of strength (right claw)
 J - an amulet of rage (around neck)
 P - a ring of magical power (left claw)
Wands
 r - a wand of clouds (4)
 t - a wand of flame (89)
 w - a wand of disintegration (18)
 y - a wand of polymorph (27)
 z - a wand of acid (4)
 C - a wand of digging (17)
 L - a wand of random effects (16)
Scrolls
 c - 2 scrolls of fog
 l - 8 scrolls of teleportation
 p - a scroll of amnesia
 A - 5 scrolls of remove curse
 E - a scroll of enchant armour
 H - 2 scrolls of enchant weapon
 K - a scroll of immolation
 M - a scroll of magic mapping
Potions
 a - a potion of might {unknown}
 e - a potion of resistance
 f - a potion of brilliance
 j - a potion of haste
 k - 3 potions of degeneration
 n - 3 potions of agility
 q - a potion of lignification
 s - 2 potions of ambrosia
 u - 2 potions of flight
 D - 2 potions of mutation
Books
 x - a book of Geomancy

   Spells                             Type                      Level
   a - Sandblast                      Earth                        1
   b - Passwall                       Transmutation/Earth          2
   c - Stone Arrow                    Conjuration/Earth            3
   d - Petrify                        Transmutation/Earth          4
   e - Lee's Rapid Deconstruction     Earth                        5
 N - a book of Necromancy

   Spells                             Type                      Level
   a - Pain                           Necromancy                   1
   b - Animate Skeleton               Necromancy                   1
   c - Vampiric Draining              Necromancy                   3
   d - Regeneration                   Charms/Necromancy            3
   e - Animate Dead                   Necromancy                   4
   f - Control Undead                 Necromancy                   4
Comestibles
 b - 6 bread rations
 g - 3 royal jellies
 i - 6 meat rations
 m - 47 fruits


   Skills:
 + Level 8.7(13.7) Fighting
 - Level 3.3(8.3) Dodging
 - Level 1.2(6.2) Stealth
 * Level 11.2(16.2) Shields
 + Level 12.1(17.1) Unarmed Combat
 - Level 5.5 Invocations


You had 11 spell levels left.
You didn't know any spells.

Dungeon Overview and Level Annotations

Branches:
Dungeon (11/15)            Temple (1/1) D:7            Lair (4/6) D:11
  Swamp (0/4) Lair:3        Snake (0/4) Lair:4          Orc (0/2) D:10

Altars:
Ashenzari
Cheibriados
Dithmenos
Elyvilon
Fedhas
Gozag
Hepliaklqana
Kikubaaqudgha
Makhleb
Nemelex Xobeh
Okawaru
Qazlal
Ru
Sif Muna
Trog
Uskayaw
Vehumet
Wu Jian
Xom
Yredelemnul
Zin
The Shining One

Shops:
D:9 (


Innate Abilities, Weirdness & Mutations

You are too large for most types of armour.
You have claws for hands.
Your metabolism is lightning-fast.
You like to eat raw meat.
Your natural rate of healing is unusually fast.
You are covered in fur. (AC +1)
You have very tough skin. (AC +2)


Message History

You feel yourself speed up.
The guardian serpent coils itself and performs some mystic snake dance.
The six-headed hydra blinks!
You block the six-headed hydra's attack. x2
The six-headed hydra closely misses you.
The six-headed hydra bites you.
* * * LOW HITPOINT WARNING * * *
The six-headed hydra misses you. x2
The guardian serpent casts a spell at you.
The bolt of poison hits you!
You are more poisoned.
* * * LOW HITPOINT WARNING * * *
Unknown command.
You feel sick.
Unknown command.
You feel sick.
The guardian serpent coils itself and waves its upper body at you.
The bolt of poison hits you!
You are lethally poisoned!
You die...

.................................
....... PP.#...........#P......P.
....... .........................
.. .... .[P#.#P.#.P..†.#.##......
.. P....................... .P
#..#..........P....#.... ..
........................ .
"#........#.P....#.#.#.. .
.......@................ #
...##.##..#...#...PP.P.# #
##...DS###.P.#P...P## .
....................... .
....................#.. .
......................> #
#.##.P.##..#...P..?.... #
#.##..##.#.##.#..### .......
............


You could see a six-headed hydra and a guardian serpent.

Vanquished Creatures
  Harold (Lair:1)
  2 hydras
  A two-headed ogre (D:8)
  2 unseen horrors
  An ugly thing (D:11)
  A manticore (D:11)
  5 black mambas
  Joseph (D:7)
  A torpor snail (Lair:4)
  A komodo dragon (Lair:2)
  3 spiny frogs
  A centaur skeleton (D:11)
  A troll (D:11)
  A polar bear (Lair:1)
  A tyrant leech (Lair:3)
  2 hippogriffs
  18 blink frogs
  4 dream sheep (Lair:4)
  A vampire (D:11)
  A wraith (D:11)
  2 wyverns
  A basilisk (Lair:4)
  8 yaks (Lair:1)
  3 hungry ghosts
  Menkaure (D:4)
  A swamp worm (Lair:3)
  Edmund (D:6)
  2 acid dragons (D:11)
  8 porcupines
  14 water moccasins
  3 orc warriors
  A hornet zombie (D:7)
  3 ice beasts
  4 sky beasts
  5 necrophages
  A phantom (D:10)
  4 centaurs
  5 ogres
  2 crocodiles (Lair:2)
  2 big kobolds
  An elf zombie (Ossuary)
  4 bullfrogs
  A water moccasin zombie (D:11)
  A wyvern skeleton (D:11)
  2 scorpions
  6 killer bees (D:10)
  2 howler monkeys
  5 centaur zombies
  A crimson imp (D:10)
  A quasit (D:7)
  2 hounds
  A human zombie (Ossuary)
  3 jellies
  A bullfrog skeleton (D:5)
  11 orc wizards
  4 iguanas
  11 worker ants
  2 big kobold zombies (Ossuary)
  A hound zombie (D:6)
  2 hound skeletons
  2 mummies (Ossuary)
  18 adders
  8 gnolls
  A howler monkey skeleton (D:8)
  4 shadow imps
  An ooze (D:2)
  An adder skeleton (D:4)
  2 worms (D:3)
  4 dart slugs
  7 leopard geckos
  30 orcs
  10 bats
  10 giant cockroaches
  8 goblins
  8 hobgoblins
  11 jackals
  3 quokkas
  A ball python (D:1)
  3 frilled lizards
  A goblin zombie (Ossuary)
  8 hobgoblin zombies (Ossuary)
  A jackal skeleton (D:7)
  A jackal zombie (Ossuary)
  13 kobolds
  9 kobold zombies (Ossuary)
  A leopard gecko zombie (D:7)
  10 orc zombies (Ossuary)
  A quokka zombie (D:8)
  7 rats
  A rat zombie (Ossuary)
  A fungus (Lair:2)
368 creatures vanquished.

Vanquished Creatures (others)
  6 bushes (D:7)
  3 fungi (Lair:2)
  13 plants
22 creatures vanquished.

Grand Total: 390 creatures vanquished

Notes
Turn   | Place    | Note
-------+----------+-------------------------------------------
     0 | D:1      | trollhammer the Troll Monk began the quest for the Orb.
     0 | D:1      | Reached XP level 1. HP: 22/22 MP: 0/0
   222 | D:1      | Reached XP level 2. HP: 29/29 MP: 1/1
   775 | D:2      | Reached XP level 3. HP: 36/36 MP: 2/2
   864 | D:2      | Noticed an ogre
   885 | D:2      | Killed an ogre
   885 | D:2      | Reached skill level 4 in Unarmed Combat
   885 | D:2      | Reached XP level 4. HP: 27/44 MP: 3/3
  1096 | D:2      | Reached XP level 5. HP: 45/52 MP: 4/4
  1778 | D:3      | Found an ancient bone altar of Kikubaaqudgha.
  1781 | D:3      | Found a hide-covered altar of Uskayaw.
  1786 | D:3      | Found a sparkling altar of Nemelex Xobeh.
  1787 | D:3      | Found a hazy altar of Hepliaklqana.
  1787 | D:3      | Found a radiant altar of Vehumet.
  1803 | D:3      | Found a shadowy altar of Dithmenos.
  1804 | D:3      | Found a glowing golden altar of the Shining One.
  1805 | D:3      | Found a snail-covered altar of Cheibriados.
  2233 | D:3      | Found a glowing silver altar of Zin.
  2234 | D:3      | Found an opulent altar of Gozag.
  2289 | D:3      | Reached skill level 1 in Shields
  2360 | D:3      | Reached skill level 5 in Unarmed Combat
  2659 | D:4      | Reached XP level 6. HP: 61/61 MP: 5/5
  2674 | D:4      | Noticed Menkaure
  2681 | D:4      | Killed Menkaure
  3319 | D:5      | Entered Level 5 of the Dungeon
  3325 | D:5      | Reached XP level 7. HP: 58/67 MP: 6/6
  3386 | D:5      | Reached skill level 6 in Unarmed Combat
  3498 | D:5      | Found a sand-covered staircase.
  3514 | D:5      | Reached XP level 8. HP: 78/78 MP: 7/7
  3522 | Ossuary  | Entered an ossuary
  3658 | Ossuary  | Reached skill level 7 in Unarmed Combat
  4474 | D:6      | Reached skill level 5 in Shields
  4694 | D:6      | Reached skill level 8 in Unarmed Combat
  4805 | D:6      | Reached XP level 9. HP: 84/87 MP: 8/8
  4999 | D:6      | Noticed Edmund
  5016 | D:6      | Killed Edmund
  5071 | D:6      | Reached skill level 5 in Fighting
  5724 | D:7      | Noticed Joseph
  5758 | D:7      | Killed Joseph
  5897 | D:7      | Found a blossoming altar of Fedhas.
  5991 | D:7      | Found a staircase to the Ecumenical Temple.
  6012 | D:7      | Reached skill level 9 in Unarmed Combat
  6029 | Temple   | Entered the Ecumenical Temple
  6034 | Temple   | Became a worshipper of Warmaster Okawaru
  6034 | Temple   | Reached * piety under Okawaru
  6034 | Temple   | Reached ** piety under Okawaru
  6335 | D:7      | Found a blossoming altar of Fedhas.
  6357 | D:7      | Killed an unseen horror
  6685 | D:8      | Reached *** piety under Okawaru
  6709 | D:8      | Reached XP level 10. HP: 98/98 MP: 9/9
  7051 | D:8      | Noticed a two-headed ogre
  7058 | D:8      | Killed a two-headed ogre
  7058 | D:8      | Reached skill level 10 in Unarmed Combat
  7058 | D:8      | Reached skill level 1 in Invocations
  7953 | D:8      | Found a sacrificial altar of Ru.
  8170 | D:9      | Found Wil Sago's Weapon Shoppe.
  8366 | D:9      | Reached **** piety under Okawaru
  8717 | D:10     | Entered Level 10 of the Dungeon
  8892 | D:11     | Noticed a red ugly thing
  8916 | D:11     | Killed a red ugly thing
  9273 | D:11     | Noticed a manticore
  9278 | D:11     | Killed a manticore
  9411 | D:11     | Found a staircase to the Lair.
  9615 | D:11     | Reached XP level 11. HP: 107/107 MP: 12/12
 10108 | D:10     | Found a staircase to the Orcish Mines.
 10304 | D:10     | Found a stormy altar of Qazlal.
 10435 | D:10     | Killed an unseen horror
 10435 | D:10     | Reached ***** piety under Okawaru
 10545 | Lair:1   | Entered Level 1 of the Lair of Beasts
 10572 | Lair:1   | Noticed Harold
 10583 | Lair:1   | Killed Harold
 10626 | Lair:1   | Reached skill level 11 in Unarmed Combat
 11693 | Lair:2   | Noticed a five-headed hydra
 11704 | Lair:2   | Killed a six-headed hydra
 11996 | Lair:2   | Reached skill level 5 in Invocations
 12001 | Lair:2   | Reached skill level 10 in Shields
 12079 | Lair:2   | Received a gift from Okawaru
 12079 | Lair:2   | Reached XP level 12. HP: 115/119 MP: 14/14
 12103 | Lair:2   | Reached ****** piety under Okawaru
 12883 | Lair:2   | Found the +8 whip "Snakebite" {curare, rPois}
 13056 | Lair:3   | Noticed a seven-headed hydra
 13226 | Lair:3   | Killed a nine-headed hydra
 13376 | Lair:3   | Found an ancient bone altar of Kikubaaqudgha.
 13593 | Lair:3   | Found a staircase to the Swamp.
 13948 | Lair:3   | Received a gift from Okawaru
 13968 | Lair:3   | Got a fine hand crossbow {god gift}
 14138 | Lair:4   | Reached skill level 12 in Unarmed Combat
 14474 | Lair:4   | Noticed a six-headed hydra
 14475 | Lair:4   | Found a staircase to the Snake Pit.
 14503 | Lair:4   | Killed from afar by a guardian serpent

Vault maps used:
D:1:      shiori_arrival_maze, serial_park_tiny_2
D:3:      grunt_temple_overflow_gold_and_silver, minitemple, first_bread
D:4:      minmay_ruptured, uniq_menkaure
D:5:      enter_ossuary_1
D:6:      uniq_edmund
D:7:      minmay_temple_entry_mist, basic_altar, fedhas_altar_decomposition,
          uniq_joseph
D:8:      nicolae_ru_path_of_blood, blue_anna_alchemist
D:9:      serial_shops, shop
D:10:     david_orc_3, basic_altar
D:11:     lair_entry_dummy
Temple:   minmay_freezing_vapour_temple
Lair:1:   lemuel_fruit_fields, uniq_harold
Lair:2:   minmay_guarded_unrand_snakebite, serial_bayou_shore_b
Lair:3:   minmay_swamp_entry_worms, basic_altar, grunt_megastairs_4
Lair:4:   minmay_snake_entry_spellcaster, zaba_antful_of_joy
Ossuary:  ossuary_tomb_1

Skill      XL: |  1  2  3  4  5  6  7  8  9 10 11 12 |
---------------+-------------------------------------+-----
Dodging        | 3 |  3.3
Unarmed Combat | 4 5 6 8 9 10 11 12 | 12.1
Fighting       | 3 4 5 6 7 8 |  8.7
Shields        | 1 2 3 5 7 8 10 11 | 11.2
Invocations    | 3 5 |  5.5
Stealth        | |  1.2

Action                   |  1- 3 |  4- 6 |  7- 9 | 10-12 || total
-------------------------+-------+-------+-------+-------++-------
Melee: Unarmed           |    83 |   172 |   365 |   574 ||  1194
       Punch             |     3 |       |       |       ||     3
Invok: Heroism           |       |       |     1 |    15 ||    16
       Finesse           |       |       |       |     1 ||     1
Evoke: Wand              |       |     1 |     1 |    13 ||    15
  Use: Scroll            |     2 |     8 |     8 |    11 ||    29
       Potion            |       |       |     2 |     4 ||     6
 Stab: Distracted        |     1 |       |       |     1 ||     2
       Sleeping          |       |     8 |     2 |     5 ||    15
  Eat: Chunk             |    13 |    21 |    33 |    72 ||   139
       Bread ration      |       |       |     1 |       ||     1
Armor: Robe              |    40 |    25 |    73 |    22 ||   160
       Acid dragon scale |       |       |       |    79 ||    79
Dodge: Dodged            |    41 |    30 |    62 |   118 ||   251
Block: Large shield      |       |    75 |   197 |   463 ||   735

Table legend:
 A = Spawn XP
 B = Non-spawn XP
 C = Spawn XP percentage of total XP
 D = Spawn monster count
 E = Non-spawn monster count
 F = Spawn count percentage of total count
 G = Total turns spent on level
                    A         B        C        D         E        F      G
               +---------+---------+-------+---------+---------+-------+---------
         Total |       0 |   32990 |   0.0 |       0 |     367 |   0.0 | 14503
               +---------+---------+-------+---------+---------+-------+---------
           D:1 |       0 |      34 |   0.0 |       0 |      21 |   0.0 |   625
           D:2 |       0 |     198 |   0.0 |       0 |      27 |   0.0 |  1070
           D:3 |       0 |     107 |   0.0 |       0 |      32 |   0.0 |   883
           D:4 |       0 |     305 |   0.0 |       0 |       9 |   0.0 |   741
           D:5 |       0 |     939 |   0.0 |       0 |      21 |   0.0 |   783
           D:6 |       0 |    1267 |   0.0 |       0 |      30 |   0.0 |  1241
           D:7 |       0 |    2197 |   0.0 |       0 |      26 |   0.0 |  1011
           D:8 |       0 |    1993 |   0.0 |       0 |      20 |   0.0 |  1433
           D:9 |       0 |     752 |   0.0 |       0 |      15 |   0.0 |   673
          D:10 |       0 |    2096 |   0.0 |       0 |      24 |   0.0 |   825
          D:11 |       0 |    3095 |   0.0 |       0 |      23 |   0.0 |  1003
        Lair:1 |       0 |    5098 |   0.0 |       0 |      21 |   0.0 |  1148
        Lair:2 |       0 |    7721 |   0.0 |       0 |      34 |   0.0 |  1407
        Lair:3 |       0 |    4826 |   0.0 |       0 |      17 |   0.0 |  1005
        Lair:4 |       0 |    1958 |   0.0 |       0 |       8 |   0.0 |   398
       Ossuary |       0 |     404 |   0.0 |       0 |      39 |   0.0 |   246
               +---------+---------+-------+---------+---------+-------+---------
